Map: King's Cove LE

Players

Mez - Winner!

  • Race: Terran Terran
  • League: Master
  • Spawn Location: 11:00

BattleB

  • Race: Protoss Protoss
  • League: Grandmaster
  • Spawn Location: 5:00

VOD

Have the link to the VOD?

Description

Time

  • Played on: Aug. 13, 2019, 1:21 p.m.
  • Length: 22:07
Show
View Real Time Build Order
Export as new Build Order

Mez Terran - Winner!

Build Orders: Reaper Expand 

Get SALT Encoding   

  12  0:00  SCV  
  13  0:13  SCV  
  14  0:18  Supply Depot  
  14  0:25  SCV  
  15  0:40  SCV  
  16  0:43  Barracks  
  16  0:47  Refinery  
  16  0:52  SCV  
  17  1:04  SCV  
  18  1:16  SCV  
  19  1:30  Reaper  
  19  1:31  Orbital Command  
  20  1:46  Command Center  
  20  1:51  Bunker  
  20  1:57  SCV  
  21  2:03  Barracks Reactor  
  21  2:09  SCV  
  22  2:15  Supply Depot  
  22  2:21  SCV  
  23  2:37  SCV  
  23  2:40  Factory  
  23  2:43  Marine x2  
  26  2:49  SCV  
  27  2:54  Command Center  
  27  3:01  Orbital Command  
  27  3:03  Marine  
  28  3:09  Refinery, SCV  
  29  3:14  Marine  
  30  3:21  Marine  
  30  3:25  Widow Mine  
  33  3:27  SCV x2  
  35  3:39  SCV x2, Marine x2  
  39  3:52  SCV x2  
  39  3:54  Widow Mine  
  43  3:59  Refinery  
  43  4:04  SCV x2  
  43  4:07  Orbital Command  
  43  4:09  Starport  
  45  4:13  Marine x2  
  45  4:16  SCV x2  
  49  4:21  Supply Depot  
  49  4:26  Factory Tech Lab  
  49  4:28  SCV  
  49  4:30  Marine x2  
  52  4:32  SCV  
  53  4:40  SCV x2, Barracks  
  53  4:41  Barracks  
  53  4:44  SCV  
  56  4:48  Starport Tech Lab, Supply Depot  
  56  4:50  Siege Tank  
  56  4:52  SCV x2  
  61  4:55  Marine x2  
  63  5:00  SCV  
  63  5:04  SCV x2  
  66  5:13  Refinery  
  66  5:14  Supply Depot  
  66  5:16  Orbital Command  
  66  5:23  SCV x2  
  66  5:25  Raven, Siege Tank  
  73  5:31  Barracks Tech Lab x2  
  73  5:35  SCV x2  
  73  5:38  Barracks x2  
  73  5:39  Engineering Bay x2  
  73  5:41  Supply Depot  
  75  5:48  SCV x2  
  77  5:54  Marine x2  
  77  5:56  Stimpack, Combat Shield, Marauder x2  
  83  6:00  SCV  
  83  6:03  Siege Tank, SCV x2  
  89  6:12  SCV  
  89  6:15  SCV x2  
  89  6:16  Supply Depot  
  89  6:17  Supply Depot  
  92  6:20  Starport Reactor  
  92  6:24  SCV  
  93  6:26  Terran Infantry Armor Level 1, Terran Infantry Weapons Level 1  
  93  6:32  Barracks Reactor  
  93  6:37  SCV, Marine x2  
  93  6:38  Marauder x2  
  100  6:43  Supply Depot  
  100  6:45  Supply Depot  
  100  6:55  Marine  
  100  6:57  Concussive Shells  
  100  6:58  Medivac x2  
  105  7:04  SCV x2  
  105  7:05  SCV, Marine  
  105  7:06  Marauder x3  
  115  7:08  Supply Depot  
  115  7:11  Supply Depot  
  115  7:15  Refinery  
  115  7:16  Refinery, SCV  
  115  7:17  SCV x2, Marine x2  
  115  7:21  Armory, Ghost Academy  
  120  7:25  Supply Depot  
  120  7:26  Supply Depot, Factory Reactor  
  120  7:27  Marauder  
  122  7:36  Command Center  
  122  7:37  Missile Turret, Marauder x2  
  126  7:38  Missile Turret x2  
  126  7:45  Marine x3  
  126  7:48  Marauder  
  126  7:49  Supply Depot  
  131  7:51  Supply Depot  
  131  7:57  Missile Turret x2  
  131  8:04  Missile Turret x2  
  131  8:05  Marine x2  
  131  8:06  Marine x3  
  131  8:07  Missile Turret  
  131  8:10  Marine x2  
  131  8:12  Medivac  
  140  8:14  Medivac  
  142  8:30  Starport  
  142  8:32  Marine x3, Marauder x3  
  142  8:33  Marine  
  152  8:34  Starport  
  152  8:39  Personal Cloaking  
  152  8:40  Terran Infantry Weapons Level 2  
  152  8:41  Terran Infantry Armor Level 2  
  152  8:55  Ghost x3  
  154  8:57  Marine x3  
  161  9:18  Marine, Supply Depot  
  161  9:19  Planetary Fortress, Marine x2  
  161  9:20  Missile Turret  
  161  9:21  Sensor Tower  
  164  9:24  Starport Tech Lab  
  164  9:26  Fusion Core  
  164  9:30  Refinery, SCV x3  
  167  9:32  Refinery  
  167  9:37  Ghost x2  
  171  9:38  Barracks  
  171  9:39  Barracks x2  
  171  9:41  Marine x5  
  171  9:42  SCV x3  
  179  10:00  Liberator x2  
  179  10:03  Ghost  
  179  10:04  Viking  
  179  10:05  Ghost  
  189  10:19  Viking  
  189  10:20  Viking  
  195  10:33  Barracks Tech Lab x3  
  195  10:34  Command Center  
  195  10:38  Terran Ship Weapons Level 1  
  195  10:46  Sensor Tower, Nuke  
  195  10:57  Command Center  
  195  10:58  Advanced Ballistics  
  195  11:08  Terran Infantry Weapons Level 3  
  195  11:10  Terran Infantry Armor Level 3  
  162  11:33  Marauder, Liberator  
  162  11:36  Marine x3, Marauder x5, Liberator  
  162  11:37  Viking x2  
  170  11:48  Marine  
  170  11:53  Ghost  
  170  11:54  Marine  
  173  11:57  Marauder x2  
  179  12:04  Supply Depot  
  179  12:05  Supply Depot  
  179  12:11  Liberator x3  
  174  12:16  Liberator  
  174  12:19  Marine x5  
  174  12:20  Marauder x4  
  174  12:22  Factory Reactor  
  175  12:28  Liberator  
  183  12:35  Planetary Fortress  
  186  12:43  Refinery  
  186  12:47  Refinery  
  184  12:54  Liberator x2  
  184  12:55  Orbital Command  
  184  13:02  Missile Turret  
  190  13:14  Missile Turret  
  190  13:18  Terran Ship Weapons Level 2  
  190  13:32  Ghost  
  190  13:33  Ghost x2  
  196  13:34  Marauder x2  
  200  13:44  Neosteel Armor  
  200  13:47  Hi-Sec Auto Tracking  
  199  14:12  Command Center x2  
  199  14:16  Command Center  
  195  14:48  Viking x2  
  178  15:10  Viking x3  
  182  15:18  Viking x2  
  181  15:26  Marine x5, Marauder x4  
  174  15:30  Marauder  
  172  15:40  Viking x2  
  176  15:44  Marine  
  176  15:45  Marine, Marauder  
  176  15:46  Ghost  
  176  15:47  Ghost x2, Marauder  
  188  15:51  Ghost  
  190  16:02  Marine x3  
  189  16:05  Ghost  
  189  16:08  Ghost  
  182  16:12  Viking  
  182  16:13  Marine  
  182  16:15  Ghost  
  182  16:16  Marauder x2  
  177  16:19  Ghost, Marine  
  177  16:20  Marine  
  175  16:33  Viking x3  
  175  16:34  Marauder  
  175  16:37  Marauder x3  
  175  16:41  Viking  
  175  16:42  Viking, Marine x3  
  175  16:43  Marine  
  175  16:45  Marauder  
  185  16:49  Marauder  
  185  16:50  Orbital Command  
  187  16:55  Ghost  
  187  16:56  Terran Ship Weapons Level 3, Liberator  
  187  16:58  Ghost  
  191  17:02  Refinery x2  
  191  17:03  Viking x2  
  161  17:53  Viking  
  161  17:54  Viking x2  
  161  17:55  Marine x4, Marauder x2  
  161  17:57  Ghost x3  
  179  18:07  Marauder  
  179  18:10  Medivac  
  179  18:11  Medivac  
  182  18:12  Marine  
  182  18:17  Ghost x2  
  182  18:18  Marine x3  
  190  18:23  Medivac  
  190  18:25  Viking x2, Ghost  
  190  18:26  Marine  
  197  18:32  Starport x2  
  192  18:35  Starport  
  192  18:36  Marine  
  192  18:37  Marine x3  
  192  18:40  Viking x2  
  194  18:53  Viking  
  194  18:55  Viking, Marine  
  178  18:56  Marine x5, Marauder  
  184  19:08  Planetary Fortress  
  181  19:10  Missile Turret  
  174  19:21  Viking x2  
  169  19:34  Marine x5  
  163  19:44  Viking  
  165  19:47  Viking x2  
  170  20:08  Ghost, Marine x2  
  170  20:09  Marine x2  
  170  20:10  Viking x3  
  170  20:13  Viking x2  
  168  20:14  Viking  
  170  20:22  Orbital Command  
  170  20:29  Missile Turret x3  
  170  20:32  Missile Turret  
  170  20:35  Missile Turret  
  170  20:39  Liberator  
  170  20:40  Liberator x4  
  170  20:48  Ghost  
  170  20:49  Marine x3, Marauder x2  
  181  20:50  Viking x2, Marauder  
  188  21:03  Orbital Command  
  199  21:21  Refinery  
  183  21:46  Marine x8  
Show
View Real Time Build Order
Export as new Build Order

BattleB Protoss 

Build Orders: 1 Gate Expand, Double Forge, Blink Stalkers 

Get SALT Encoding   

  12  0:02  Probe  
  14  0:14  Probe  
  14  0:17  Pylon  
  14  0:24  Probe  
  15  0:32  Probe  
  15  0:37  Gateway  
  15  0:40  Probe  
  16  0:48  Assimilator  
  17  0:52  Probe  
  18  1:04  Probe  
  19  1:16  Probe  
  20  1:25  Nexus  
  20  1:35  Cybernetics Core  
  20  1:39  Probe  
  21  1:45  Assimilator  
  21  1:52  Probe  
  22  1:54  Pylon  
  22  2:03  Adept  
  22  2:04  Probe  
  23  2:12  Warp Gate  
  25  2:16  Probe  
  26  2:23  Twilight Council  
  26  2:27  Probe  
  27  2:32  Stalker  
  27  2:34  Probe  
  29  2:39  Probe  
  29  2:42  Probe  
  31  2:50  Probe, Pylon, Blink  
  32  2:54  Probe  
  34  3:03  Probe  
  35  3:06  Probe  
  36  3:16  Probe  
  36  3:18  Probe  
  38  3:22  Gateway  
  38  3:26  Gateway  
  38  3:32  Sentry  
  38  3:33  Probe x2  
  42  3:45  Robotics Facility, Probe x2  
  42  3:47  Pylon  
  44  3:57  Probe  
  44  3:58  Probe  
  46  4:07  Assimilator, Phoenix  
  46  4:09  Probe  
  47  4:11  Probe  
  48  4:17  Stalker  
  48  4:22  Stalker  
  48  4:23  Stalker  
  54  4:34  Observer  
  54  4:35  Probe x2  
  57  4:45  Nexus  
  57  4:47  Pylon  
  57  4:48  Forge  
  57  4:49  Forge  
  57  4:50  Protoss Ground Armor Level 1  
  56  4:55  Probe x2, Pylon  
  56  4:58  Pylon  
  58  5:01  Charge  
  58  5:02  Protoss Ground Weapons Level 1  
  62  5:07  Probe  
  62  5:08  Probe  
  64  5:17  Sentry x2  
  64  5:19  Probe  
  64  5:20  Probe  
  66  5:28  Gateway  
  66  5:31  Probe  
  66  5:32  Probe  
  66  5:34  Gateway  
  66  5:35  Gateway  
  68  5:38  Observer  
  69  5:43  Probe  
  69  5:44  Probe  
  69  5:47  Pylon  
  69  5:48  Pylon  
  71  5:52  Phoenix  
  71  5:55  Probe  
  71  5:57  Zealot x3, Probe  
  73  5:59  Probe  
  80  6:07  Probe  
  80  6:09  Immortal  
  85  6:12  Probe  
  85  6:14  Probe  
  85  6:15  Pylon  
  87  6:22  Zealot x3  
  93  6:35  Probe x2  
  93  6:39  Nexus  
  95  6:40  Pylon  
  95  6:41  Immortal  
  95  6:48  Protoss Ground Armor Level 2  
  99  6:58  Pylon  
  99  6:59  Pylon  
  99  7:01  Protoss Ground Weapons Level 2  
  99  7:08  Zealot x3  
  103  7:13  Zealot x2  
  103  7:14  Zealot  
  111  7:17  Warp Prism  
  111  7:18  Probe x2  
  111  7:19  Probe  
  111  7:20  Pylon  
  116  7:30  Assimilator, Probe  
  116  7:31  Probe x2  
  116  7:32  Assimilator  
  116  7:33  Assimilator  
  119  7:37  Robotics Facility  
  119  7:42  Robotics Bay  
  119  7:43  Probe x2  
  121  7:44  Zealot x3  
  121  7:45  Zealot, Phoenix  
  121  7:51  Probe x2  
  131  7:54  Observer  
  131  7:57  Probe  
  131  7:58  Probe  
  134  8:02  Templar Archives  
  134  8:03  Probe  
  135  8:06  Probe  
  135  8:07  Assimilator  
  135  8:10  Probe x2, Assimilator  
  136  8:14  Zealot x6  
  136  8:16  Colossus  
  148  8:21  Pylon  
  148  8:24  Probe x2  
  148  8:25  Probe, Colossus  
  151  8:29  Psionic Storm  
  163  8:34  Extended Thermal Lance  
  163  8:43  Pylon  
  161  8:49  Zealot x3  
  161  8:50  Zealot  
  169  9:00  Gateway  
  169  9:02  Colossus  
  169  9:03  Gateway  
  169  9:08  Photon Cannon  
  169  9:11  Pylon  
  169  9:14  Colossus  
  175  9:19  Protoss Ground Weapons Level 3, Protoss Ground Armor Level 3  
  175  9:23  High Templar  
  175  9:24  High Templar x2  
  187  9:27  Nexus  
  187  9:29  Pylon  
  185  9:33  Assimilator  
  185  9:36  High Templar  
  185  9:37  Assimilator  
  187  9:43  Photon Cannon  
  185  9:45  Photon Cannon  
  185  9:49  Photon Cannon  
  185  9:54  Photon Cannon  
  185  9:55  Photon Cannon  
  185  10:02  Shield Battery  
  185  10:12  Nexus  
  185  10:14  Pylon  
  185  10:16  Pylon  
  185  10:17  Pylon  
  185  10:20  Assimilator  
  183  10:25  Assimilator  
  183  10:35  Photon Cannon  
  183  10:37  Photon Cannon  
  183  10:38  Stargate  
  183  10:39  Photon Cannon  
  183  10:41  Photon Cannon, Stargate  
  183  10:44  Shield Battery  
  183  10:45  Shield Battery  
  183  10:48  Photon Cannon  
  183  11:06  Photon Cannon  
  183  11:08  Disruptor x2  
  183  11:11  Photon Cannon  
  189  11:13  Stalker x5  
  195  11:29  Archon x2  
  151  11:36  Disruptor x2  
  111  11:42  Zealot  
  111  11:43  Zealot x7  
  133  11:57  Gateway  
  128  12:02  Gateway  
  128  12:06  Zealot x8  
  144  12:09  Protoss Shields Level 1  
  144  12:10  Observer  
  144  12:12  Observer  
  144  12:15  Colossus  
  128  12:22  Colossus  
  117  12:30  Zealot x7  
  117  12:31  Zealot  
  117  12:34  Probe x4  
  147  12:52  Fleet Beacon  
  147  12:57  Warp Prism  
  147  13:03  High Templar x8  
  147  13:05  Photon Cannon  
  163  13:07  Photon Cannon, Colossus  
  163  13:08  Archon x2  
  163  13:09  Archon, Photon Cannon  
  163  13:11  Photon Cannon  
  165  13:15  Stargate  
  171  13:27  Tempest x2  
  181  13:41  Zealot  
  181  13:47  Stalker  
  181  13:48  Stalker x6  
  195  13:52  Tempest  
  198  14:08  Cybernetics Core  
  198  14:19  Nexus  
  198  14:20  Protoss Air Weapons Level 1  
  198  14:21  Assimilator, Protoss Shields Level 2, Pylon  
  198  14:23  Pylon  
  198  14:35  Stargate  
  194  14:55  Tempest x2  
  193  15:05  Tempest  
  187  15:08  High Templar  
  187  15:09  High Templar x5  
  194  15:21  Archon x3  
  175  15:22  Stalker x2  
  136  15:31  Probe x2  
  136  15:34  Probe  
  135  15:36  Tempest  
  135  15:38  Tempest  
  135  15:39  Tempest  
  139  15:43  High Templar x4  
  139  15:44  High Templar x2  
  139  15:46  Tempest  
  166  15:50  Archon x3  
  166  15:52  Zealot x2  
  166  15:55  Zealot x2  
  149  16:18  Zealot x7  
  149  16:19  High Templar x2, Tempest  
  149  16:21  Zealot  
  149  16:23  Probe  
  170  16:25  Archon  
  170  16:31  Probe x2  
  170  16:32  Probe  
  173  16:38  Probe  
  174  16:43  Probe x2  
  174  16:45  High Templar x6  
  188  16:57  Zealot x2, Observer x2  
  188  16:58  Zealot x2  
  188  16:59  Assimilator, Nexus  
  198  17:27  Nexus  
  177  17:47  Colossus x2  
  177  17:49  Zealot  
  177  17:50  Zealot x8  
  178  17:53  Zealot  
  186  18:15  Zealot  
  186  18:16  Zealot x6  
  192  18:54  Tempest x2  
  130  18:57  Zealot x4  
  130  18:58  High Templar x6  
  130  19:01  Tempest  
  163  19:09  Assimilator  
  163  19:13  Tempest  
  163  19:17  Assimilator  
  163  19:21  Nexus  
  168  19:28  Assimilator  
  168  19:38  Archon x2  
  151  19:39  Archon  
  151  19:43  Zealot x10  
  151  19:44  Tempest  
  174  20:02  Nexus  
  174  20:05  Disruptor x2  
  180  20:29  Pylon  
  180  20:31  High Templar  
  180  20:32  High Templar x6  
  180  20:33  Pylon  
  194  20:40  Disruptor  
  193  21:18  Probe  
  194  21:30  Observer x2  
  196  21:39  Nexus  
  168  21:41  Pylon  
  168  21:43  Pylon  
  168  21:46  Archon  
  168  21:47  Archon x2, Assimilator  
  140  21:52  Assimilator  
  140  21:54  Zealot x10  
Tags
 
Add a new tag
Caveats
  • Supply blocks, unpowered buildings, or Contaminate may cause inaccurate times.
  • Supply counts are checked every 10 seconds.